 Dungeon Crawl Stone Soup version 0.19-a0-31-g0d989fc (webtiles) character file.

10584 aurelian the Grappler (level 11, -1/97 HPs)
             Began as a Ghoul Monk on May 1, 2016.
             Was a High Priest of Trog.
             Slain by a seven-headed hydra (7 damage)
             ... on level 1 of the Lair of Beasts on May 2, 2016.
             The game lasted 00:29:40 (9687 turns).

aurelian the Grappler (Ghoul Monk)                  Turns: 9687, Time: 00:29:40

Health: -1/97      AC: 15    Str: 21    XL:     11   Next: 64%
Magic:  10/10      EV: 12    Int:  5    God:    Trog [*****.]
Gold:   675        SH:  2    Dex: 14    Spells: 0 memorised, 10 levels left

rFire  . . .     SeeInvis .       - Unarmed
rCold  + . .     Gourm    .     i - +2 chain mail {MR+}
rNeg   + + +     Faith    .     (no shield)
rPois  ∞         Spirit   .     c - +0 helmet
rElec  .         Dismiss  .     T - +0 cloak
rCorr  .         Reflect  +     (no gloves)
SustAt .         Harm     .     (no boots)
MR     +....                    E - +2 amulet of reflection
Stlth  ..........               (no ring)
                                (no ring)

@: mighty, very slightly contaminated, rotting, somewhat resistant to hostile
enchantments, extremely unstealthy
A: rotting body, claws 1, carnivore 3, cold resistance 1, negative energy
resistance 3, slow regeneration 1, torment resistance, unbreathing
a: Trog's Hand, Brothers in Arms, Burn Spellbooks, Renounce Religion


You were on level 1 of the Lair of Beasts.
You worshipped Trog.
Trog was extremely pleased with you.
You were not hungry.

You visited 2 branches of the dungeon, and saw 12 of its levels.

You collected 675 gold pieces.

Inventory:

Hand Weapons
 a - a +1 hunting sling
 t - a +0 blowgun
Missiles
 h - 285 stones (quivered)
 j - 64 sling bullets
 u - 33 poisoned needles
 w - 59 bolts
Armour
 c - a +0 helmet (worn)
 g - a +0 scale mail
 i - a +2 chain mail of magic resistance (worn)
 p - a +1 fire dragon armour
 J - a +0 robe
 T - a +0 cloak (worn)
Jewellery
 o - an uncursed ring of fire
 E - a +2 amulet of reflection (around neck)
 L - a cursed ring of teleportation {unknown}
Wands
 y - a wand of lightning (4/15)
 C - a wand of confusion (27/48)
 S - a wand of iceblast (11/15)
Scrolls
 d - 5 scrolls of identify
 k - 2 scrolls of blinking
 B - 3 scrolls of remove curse
 F - a scroll of fear
 G - a scroll of recharging
 I - 2 scrolls of teleportation
 N - 3 scrolls of enchant armour
Potions
 e - 5 potions of curing
 l - 2 potions of cure mutation
 q - 2 potions of brilliance
 r - 2 potions of lignification {unknown}
 v - a potion of invisibility {unknown}
 x - a potion of heal wounds
 z - 2 potions of haste
 D - 2 potions of might
 M - a potion of magic {unknown}
Books
 n - a book of Battle

   Spells                             Type                      Level
   a - Infusion                       Charms                       1
   b - Shroud of Golubria             Charms/Translocation         2
   c - Song of Slaying                Charms                       2
   d - Spectral Weapon                Hexes/Charms                 3
   e - Regeneration                   Charms/Necromancy            3
   Trog disapproves of the use of such an item.
 K - a Fen Folio

   Spells                             Type                      Level
   a - Corpse Rot                     Necromancy                   2
   b - Stone Arrow                    Conjuration/Earth            3
   c - Leda's Liquefaction            Hexes/Earth                  4
   d - Summon Forest                  Summoning/Translocation      5
   e - Hydra Form                     Transmutation                6
   f - Summon Hydra                   Summoning                    7
   Trog disapproves of the use of such an item.
 O - a book of the Warp

   Spells                             Type                      Level
   a - Recall                         Summoning/Translocation      3
   b - Gell's Gravitas                Hexes/Translocation          3
   c - Force Lance                    Conjuration/Translocation    4
   d - Warp Weapon                    Charms/Translocation         5
   e - Summon Forest                  Summoning/Translocation      5
   Trog disapproves of the use of such an item.
 Q - a book of Spatial Translocations

   Spells                             Type                      Level
   a - Apportation                    Translocation                1
   b - Blink                          Translocation                2
   c - Shroud of Golubria             Charms/Translocation         2
   d - Portal Projectile              Translocation                3
   e - Teleport Other                 Translocation                3
   f - Passage of Golubria            Translocation                4
   Trog disapproves of the use of such an item.
Comestibles
 b - 6 meat rations
 s - 4 beef jerkies
 A - 2 slices of pizza
 P - 9 royal jellies


   Skills:
 + Level 9.1 Fighting
 + Level 7.3 Armour
 + Level 8.1 Dodging
 - Level 2.1 Stealth
 + Level 13.0 Unarmed Combat


You had 10 spell levels left.
You didn't know any spells.

Dungeon Overview and Level Annotations

Branches:
Dungeon (11/15)            Temple (0/1) D:5            Lair (1/8) D:11
    Orc (0/2) D:10

Altars:
Cheibriados
Dithmenos
Elyvilon
Fedhas
Makhleb
Nemelex Xobeh
Pakellas
Trog

Annotations:
D:5 Edmund
D:11 exclusion: 2 statues


Innate Abilities, Weirdness & Mutations

Your body is rotting away.
You thrive on raw meat.
You are immune to poison.
You have sharp fingernails.
You are carnivorous and can eat meat at any time.
Your flesh is cold resistant.
You are immune to negative energy.
You regenerate slowly when monsters are visible.
You are immune to unholy pain and torment.
You can survive without breathing.


Message History

You scratch the seven-headed hydra.
The seven-headed hydra is almost dead.
The seven-headed hydra bites you but does no damage.
The seven-headed hydra bites you.
The seven-headed hydra closely misses you.
The seven-headed hydra bites you but does no damage. x2
The seven-headed hydra barely misses you.
The seven-headed hydra bites you but does no damage.
Your chain mail prevents you from hitting the seven-headed hydra.
The seven-headed hydra is almost dead.
The seven-headed hydra bites you!
* * * LOW HITPOINT WARNING * * *
The seven-headed hydra bites you!
* * * LOW HITPOINT WARNING * * *
The seven-headed hydra misses you.
The seven-headed hydra bites you but does no damage. x2
The seven-headed hydra bites you!
* * * LOW HITPOINT WARNING * * *
The seven-headed hydra bites you!
You die...

....###........#**,**
..............####,.#
..............##P#.P*
.................#.#*
...............#.#.#
...#.....#..#.##...*
........##.#..#...,*
...........##.#.D#**
........##.##.#.@#
#.......##..#.#..#
#..#.......##.#..#
#..##.P..#.#..#..#
#........>.......#
........####.##.##
##..##### ####.##
##.###.##### #..##
#..........# ##..#


You could see a seven-headed hydra.

Vanquished Creatures
  A hydra (Lair:1)
  An ugly thing (D:11)
  A manticore (D:11)
  A black mamba (Lair:1)
  A spiny frog (Lair:1)
  A kobold demonologist (D:11)
  Grinder (D:5)
  5 blink frogs (Lair:1)
  Prince Ribbit (D:5)
  Sigmund (D:3)
  A shadow (D:11)
  Eustachio (D:5)
  3 hippogriffs
  Grum (D:9)
  A steam dragon (D:10)
  A hungry ghost (D:8)
  2 soldier ants (D:10)
  A water moccasin (Lair:1)
  3 porcupines (Lair:1)
  3 ice beasts
  3 sky beasts (D:7)
  A wasp (D:10)
  3 necrophages
  2 orc warriors
  An ogre (D:8)
  2 phantoms
  3 wolves (D:9)
  3 centaurs
  2 crocodiles
  A big kobold (D:9)
  Blork the orc (D:5)
  5 giant frogs
  2 scorpions (D:5)
  3 killer bees (D:10)
  8 howler monkeys
  A vampire bat (D:3)
  2 giant frog zombies
  An iron imp (D:5)
  3 giant frog skeletons
  3 hounds
  5 jellies
  2 centaur skeletons
  4 orc priests
  7 orc wizards
  Jessica (D:3)
  Ijyb (D:2)
  8 iguanas
  6 worker ants
  A hound zombie (D:10)
  A hound skeleton (D:6)
  2 worker ant zombies
  7 gnolls
  A howler monkey skeleton (D:5)
  11 adders
  18 river rats (Lair:1)
  2 shadow imps (D:5)
  An ooze (D:1)
  An adder zombie (D:7)
  6 worms
  3 dart slugs
  3 fire bats (D:3)
  6 giant geckos
  55 orcs
  2 spectral bats (D:3)
  3 bat skeletons (D:3)
  A bat zombie (D:3)
  4 giant cockroaches
  5 hobgoblins
  9 jackals
  4 quokkas
  14 bats
  A bat simulacrum (D:3)
  5 giant newts
  6 goblins
  A jackal skeleton (D:8)
  17 kobolds
  5 rats
310 creatures vanquished.

Notes
Turn   | Place    | Note
--------------------------------------------------------------
     0 | D:1      | aurelian the Ghoul Monk began the quest for the Orb.
     0 | D:1      | Reached XP level 1. HP: 19/19 MP: 0/0
   234 | D:1      | Reached XP level 2. HP: 26/26 MP: 1/1
   309 | D:1      | Reached skill level 5 in Unarmed Combat
   505 | D:2      | Noticed Ijyb
   513 | D:1      | Reached XP level 3. HP: 16/31 MP: 2/2
   832 | D:2      | Reached skill level 6 in Unarmed Combat
   832 | D:2      | Reached XP level 4. HP: 38/38 MP: 3/3
   856 | D:2      | Killed Ijyb
  1096 | D:3      | Noticed Sigmund
  1219 | D:3      | Noticed a hippogriff
  1234 | D:3      | Killed a hippogriff
  1234 | D:3      | Reached skill level 7 in Unarmed Combat
  1234 | D:3      | Reached XP level 5. HP: 16/45 MP: 4/4
  1234 | D:3      | Reached XP level 6. HP: 18/51 MP: 5/5
  1432 | D:3      | Upgraded the game from 0.19-a0-28-g8794423 to 0.19-a0-29-g70b2158
  1465 | D:3      | Found a sparkling altar of Nemelex Xobeh.
  1553 | D:3      | Noticed Jessica
  1573 | D:3      | Killed Jessica
  1573 | D:3      | Reached skill level 8 in Unarmed Combat
  1603 | D:3      | Killed Sigmund
  1603 | D:3      | Reached skill level 9 in Unarmed Combat
  1603 | D:3      | Reached XP level 7. HP: 35/57 MP: 6/6
  2652 | D:4      | Reached skill level 10 in Unarmed Combat
  3044 | D:5      | Entered Level 5 of the Dungeon
  3050 | D:5      | Reached skill level 1 in Armour
  3083 | D:5      | Found a white marble altar of Elyvilon.
  3084 | D:5      | Noticed Grinder
  3099 | D:5      | Killed Grinder
  3099 | D:5      | Reached XP level 8. HP: 58/66 MP: 7/7
  3304 | D:5      | Noticed Eustachio
  3317 | D:5      | Killed Eustachio
  3345 | D:5      | Noticed Blork the orc
  3472 | D:5      | Killed Blork the orc
  3590 | D:5      | Noticed Edmund
  3590 | D:5      | Noticed Prince Ribbit
  3604 | D:6      | Found a bloodstained altar of Trog.
  3636 | D:6      | Became a worshipper of Trog the Wrathful
  3636 | D:6      | Reached * piety under Trog
  3636 | D:6      | Reached ** piety under Trog
  3662 | D:6      | Reached skill level 5 in Fighting
  3673 | D:6      | Reached XP level 9. HP: 61/74 MP: 8/8
  4110 | D:6      | Reached skill level 11 in Unarmed Combat
  4130 | D:6      | Found a burning altar of Makhleb.
  4130 | D:6      | Noticed a green death
  4134 | D:6      | Noticed a smoke demon
  4154 | D:6      | Found a shadowy altar of Dithmenos.
  4384 | D:5      | Found a staircase to the Ecumenical Temple.
  4611 | D:5      | Killed Prince Ribbit
  4611 | D:5      | Reached skill level 5 in Dodging
  4793 | D:5      | Found a snail-covered altar of Cheibriados.
  5334 | D:7      | Found an oddly glowing altar of Pakellas.
  5894 | D:8      | Reached *** piety under Trog
  5933 | D:8      | Reached XP level 10. HP: 84/84 MP: 9/9
  6029 | D:8      | Reached skill level 5 in Armour
  6102 | D:8      | Found a blossoming altar of Fedhas.
  6940 | D:9      | Reached **** piety under Trog
  7060 | D:9      | Noticed Grum
  7109 | D:9      | Killed Grum
  7109 | D:9      | Reached skill level 12 in Unarmed Combat
  7208 | D:10     | Entered Level 10 of the Dungeon
  7389 | D:10     | Found a staircase to the Orcish Mines.
  8039 | D:11     | Noticed a kobold demonologist
  8057 | D:11     | Noticed a rust devil
  8057 | D:11     | Killed a kobold demonologist
  8144 | D:11     | Noticed a green ugly thing
  8175 | D:11     | Killed a green ugly thing
  8175 | D:11     | Reached XP level 11. HP: 53/94 MP: 10/10
  8235 | D:11     | Found a staircase to the Lair.
  8276 | D:11     | Noticed an archer statue
  8280 | D:11     | Noticed a manticore
  8300 | D:11     | Killed a manticore
  8549 | D:11     | Noticed an archer statue
  8588 | Lair:1   | Entered Level 1 of the Lair of Beasts
  8716 | Lair:1   | Upgraded the game from 0.19-a0-29-g70b2158 to 0.19-a0-31-g0d989fc
  8959 | Lair:1   | Reached ***** piety under Trog
  9603 | Lair:1   | Noticed a five-headed hydra
  9614 | Lair:1   | Killed a five-headed hydra
  9614 | Lair:1   | Received a gift from Trog
  9614 | Lair:1   | Reached skill level 13 in Unarmed Combat
  9679 | Lair:1   | Noticed a seven-headed hydra
  9687 | Lair:1   | Slain by a seven-headed hydra

Vault maps used:
D:1:      roderic_octagonal_star
D:2:      first_bread, grunt_ministairs_9, uniq_iyjb
D:3:      overflow_temple_1_default, grunt_ministairs_6, goddamned_bats,
          uniq_sigmund, uniq_jessica
D:5:      slow_altar_2, old_standard_altar, minmay_temple_entry_nine_rooms,
          uniq_blork_the_orc, uniq_grinder, uniq_edmund, uniq_eustachio,
          uniq_prince_ribbit1
D:6:      lemuel_crystal_altar, bloody_trog, makhleb_altar_promises_db,
          minmay_misc_feat_tower
D:7:      grunt_pakellas_salt
D:8:      nicolae_overflow_crystal_walls
D:9:      uniq_grum
D:10:     hiddenorc2_lemuel, hangedman_pestilent_swarm
D:11:     lair_0_dummy, minmay_dual_archer_statues
Lair:1:   infiniplex_staircase_pool

Skill      XL: |  1  2  3  4  5  6  7  8  9 10 11 |
---------------+----------------------------------+-----
Unarmed Combat | 5 6 7 9 10 11 12 13 | 13.0
Armour         | 1 3 4 6 7 |  7.3
Fighting       | 4 5 6 8 9 |  9.1
Dodging        | 3 4 6 7 8 |  8.1
Stealth        | |  2.1

Action                   |  1- 3 |  4- 6 |  7- 9 | 10-12 || total
-------------------------+-------+-------+-------+-------++-------
Melee: Unarmed           |    84 |    80 |   455 |   556 ||  1175
       Punch             |       |     2 |    11 |    23 ||    36
 Fire: Hunting sling     |       |       |       |     6 ||     6
Throw: Stone             |       |     1 |    17 |     2 ||    20
Invok: Trog's Hand       |       |       |       |     4 ||     4
Evoke: Wand              |       |       |     1 |       ||     1
  Use: Potion            |       |     3 |       |     6 ||     9
       Scroll            |       |       |    11 |     5 ||    16
 Stab: Sleeping          |     2 |       |       |       ||     2
       Distracted        |       |       |     1 |       ||     1
  Eat: Chunk             |    10 |     7 |    44 |    74 ||   135
Armor: Scale mail        |    44 |    14 |       |       ||    58
       Robe              |     1 |       |       |       ||     1
       Chain mail        |       |     6 |   252 |   234 ||   492
Dodge: Dodged            |    44 |    40 |   151 |   229 ||   464
Block: Other             |       |       |     5 |    31 ||    36
